Cogmind - Beta 9.5 @@@ ROGUE MODE // 2020.04.03 @ 17:20:08 Player: erp.lsf Result: Self-destructed Performance ------------- Evolutions (2) 1000 Regions Visited (3) 600 Robots Destroyed (6) 30 Value Destroyed (237) 237 Prototype IDs (1) 20 Alien Tech Used (0) 0 Bonus (0) 0 TOTAL SCORE: 1887 Bonus ------- None Cogmind --------- Core Integrity 522/550 Matter 245/300 Energy 250/250 System Corruption 0% Temperature Cool (0) Movement Flying (200) Ox2 Location -8/Materials Parts ------- > --- POWER (2) -------- Ion Engine > --- PROPULSION (4) --- VTOL Module > --- UTILITY (3) ------ Small Storage Unit Improved Sensor Array Targeting Computer > --- WEAPON (2) ------- Light Assault Rifle Light Assault Rifle > --- INVENTORY (6) ---- High-capacity Matter Pod (200) ECM Suite EM Pulse Gun Small Laser Grenade Launcher Axe Peak State ------------ > --- POWER ------------ Ion Engine Light Ion Engine > --- PROPULSION ------- VTOL Module VTOL Module VTOL Module > --- UTILITY ---------- Small Storage Unit Improved Sensor Array Targeting Computer > --- WEAPON ----------- Flak Gun > --- INVENTORY -------- High-capacity Matter Pod ECM Suite EM Pulse Gun Small Laser Light Assault Rifle Grenade Launcher [Rating: 16] Favorites ----------- Power Ion Engine Engine Ion Engine Propulsion VTOL Module Wheel Compact Wheel Flight Unit VTOL Module Utility Small Storage Unit Device Improved Sensor Array Storage Small Storage Unit Processor Targeting Computer Weapon Light Assault Rifle Energy Gun EM Pulse Gun Ballistic Gun Light Assault Rifle Slashing Weapon Axe Build | -11 -10 -9 -8 ------- Run | Scr Mat Mat Mat Slots Evolved 4 | . . 2 2 Power 1 | . . . 1 Propulsion 2 | . . 1 1 Utility 1 | . . 1 . Weapon . | . . . . Parts Attached 21 | 6 2 4 9 Power 4 | 1 . . 3 Engine 4 | 1 . . 3 Core . | . . . . Reactor . | . . . . Propulsion 5 | 2 . 3 . Treads . | . . . . Leg . | . . . . Wheel 2 | 2 . . . Hover . | . . . . Flight 3 | . . 3 . Utility 3 | 1 1 1 . Device 1 | . . 1 . Storage 1 | 1 . . . Processor 1 | . 1 . . Hackware . | . . . . Protection . | . . . . Artifact . | . . . . Weapon 9 | 2 1 . 6 Energy Gun 1 | 1 . . . Energy Cannon . | . . . . Ballistic Gun 7 | 1 1 . 5 Ballistic Cannon . | . . . . Launcher . | . . . . Special Weapon . | . . . . Impact Weapon . | . . . . Slashing Weapon 1 | . . . 1 Piercing Weapon . | . . . . Special Melee Weapon . | . . . . Unidentified Prototypes 1 | . . . 1 Parts Lost 3 | . . . 3 Power 1 | . . . 1 Propulsion 2 | . . . 2 Utility . | . . . . Weapon . | . . . . Highest Loss Streak 2 | . . . 2 Average Slot Usage (%) 85 | . 86 86 83 Engine 14 | . 14 11 18 Wheel 9 | . 28 4 . Flight 16 | . . 26 20 Device 3 | . . . 9 Storage 11 | . 14 11 9 Processor 7 | . 1 11 9 Ballistic Gun 21 | . 26 22 18 Naked Turns . | . . . . Heaviest Build 15 | 12 12 12 15 Greatest Support 26 | 26 26 26 15 Greatest Overweight (x) 2 | 1 . 2 1 Average Overweight (x) . | . . . . Largest Inventory Capacity 6 | 6 6 6 6 Average Capacity 5 | 5 6 6 6 Most Carried 6 | 2 6 6 6 Average Carried 5 | . 4 6 5 Final Capacity 6 | 6 6 6 6 Final Carried 6 | 2 6 6 6 Class Distribution -------------------- 100% | Mutant Dominant Class ---------------- Mutant | -10/Materials Mutant | -9/Materials Mutant | -8/Materials Resources | -11 -10 -9 -8 ----------- Run | Scr Mat Mat Mat Matter Collected 610 | 209 36 315 50 Remotely . | . . . . Salvage Created 296 | . 36 210 50 Parts 19 | . 2 15 2 Haulers Intercepted . | . . . . Recyclers Shooed . | . . . . Parts Field Recycled . | . . . . Retrieved Matter . | . . . . Parts Self-Destructed . | . . . . Prevented . | . . . . Kills | -11 -10 -9 -8 ------- Run | Scr Mat Mat Mat Combat Hostiles Destroyed 6 | . 1 4 1 Guns 6 | . 1 4 1 Classes Destroyed 2 | . 1 1 . Grunt 3 | . 1 2 . Sentry 3 | . . 2 1 Best Kill Streak 3 | . 1 3 1 Combat Bots Only 3 | . 1 3 1 Max Kills in Single Turn 1 | . 1 1 1 Gunslinging . | . . . . Exploded . | . . . . Melee . | . . . . Uniques/NPCs Destroyed . | . . . . Combat | -11 -10 -9 -8 -------- Run | Scr Mat Mat Mat Damage Taken 427 | . 10 204 213 Core 65 | . . 37 28 Absorbed by Shields . | . . . . Core Remaining (%) 96 | 100 100 90 . Volleys Fired 35 | . 6 19 10 Largest 2 | . 2 2 2 Hottest 40 | . 40 40 40 Shots Fired 70 | . 12 38 20 Gun 70 | . 12 38 20 Cannon . | . . . . Launcher . | . . . . Special . | . . . . Kinetic 70 | . 12 38 20 Thermal . | . . . . Explosive . | . . . . Electromagnetic . | . . . . Robot Hit Streak 16 | . 5 16 12 Robot Miss Streak 3 | . 3 2 1 Penetration Max . | . . . . Secondary Targets . | . . . . Shots Hit Robots 53 | . 7 28 18 Core Hits 18 | . 3 12 3 Critical Hits 1 | . . 1 . Critical Kills . | . . . . Critical Parts Destroyed 1 | . . 1 . Melee Attacks . | . . . . Impact . | . . . . Slashing . | . . . . Piercing . | . . . . Sneak Attacks . | . . . . Combat Hostiles . | . . . . Follow-up Attacks . | . . . . Damage Inflicted 407 | . 70 198 139 Guns 407 | . 70 198 139 Cannons . | . . . . Explosions . | . . . . Melee . | . . . . Ramming . | . . . . Kinetic 407 | . 70 198 139 Thermal . | . . . . Explosive . | . . . . Electromagnetic . | . . . . Impact . | . . . . Slashing . | . . . . Piercing . | . . . . Highest Corruption . | . . . . Average Corruption . | . . . . Corruption Purged . | . . . . Overload Shots . | . . . . Overflow Damage . | . . . . Projectiles . | . . . . Explosions . | . . . . Melee . | . . . . Knockbacks . | . . . . Impact . | . . . . Kinetic . | . . . . Secondary . | . . . . Self-Inflicted Damage . | . . . . Shots . | . . . . Rammed . | . . . . Targets Rammed . | . . . . Kicked . | . . . . Crushed . | . . . . Highest Temperature 236 | . 6 12 236 Average Temperature 37 | . 6 8 57 Received Heat Transfer 135 | . 6 75 54 Siege Activations . | . . . . Robots Corrupted . | . . . . Combat Hostiles . | . . . . Parts Fried . | . . . . Impact Corruptions . | . . . . Robots Melted . | . . . . Combat Hostiles . | . . . . Parts Melted . | . . . . Heat Transferred . | . . . . Parts Sabotaged . | . . . . Parts Stolen . | . . . . Parts Stripped . | . . . . Power Chain Reactions . | . . . . Missiles Intercepted . | . . . . Alert | -11 -10 -9 -8 ------- Run | Scr Mat Mat Mat Peak Influence 173 | . 45 173 157 Average Influence 78 | . 10 90 134 Maximum Alert Level . | . . . . Low Security (%) 100 | 100 100 100 100 Level 1 . | . . . . Level 2 . | . . . . Level 3 . | . . . . Level 4 . | . . . . Level 5 . | . . . . High Security . | . . . . Max Security . | . . . . Squads Dispatched 4 | . 1 2 1 Investigation . | . . . . Extermination . | . . . . Reinforcement 4 | . 1 2 1 Assault . | . . . . Garrison . | . . . . Intercept . | . . . . Construction Impeded . | . . . . Haulers Reinforced . | . . . . Stealth | -11 -10 -9 -8 --------- Run | Scr Mat Mat Mat Distress Signals . | . . . . Communications Jammed . | . . . . Distress Signals . | . . . . Times Spotted 20 | . 4 12 4 Peak Tracking Total 4 | . 3 4 2 Tactical Retreats 4 | . 1 2 1 Traps | -11 -10 -9 -8 ------- Run | Scr Mat Mat Mat Traps Triggered . | . . . . Indirectly . | . . . . Trap Hack Attempts . | . . . . Triggered . | . . . . Disarmed . | . . . . Reprogrammed . | . . . . Reused . | . . . . Traps Extracted . | . . . . Installed . | . . . . Triggered . | . . . . Machines | -11 -10 -9 -8 ---------- Run | Scr Mat Mat Mat Machines Disabled . | . . . . Max in Single Turn . | . . . . Machines Sabotaged . | . . . . Garrisons Compromised . | . . . . Overloaded Fab Kills . | . . . . Fab Network Shutdowns . | . . . . Hacking | -11 -10 -9 -8 --------- Run | Scr Mat Mat Mat Machines Accessed . | . . . . Terminals . | . . . . Fabricators . | . . . . Repair Stations . | . . . . Recycling Units . | . . . . Scanalyzers . | . . . . Garrison Access . | . . . . Total Hacks . | . . . . Successful . | . . . . Failed . | . . . . Catastrophic . | . . . . Database Lockouts . | . . . . Manual . | . . . . Terminals . | . . . . Fabricators . | . . . . Repair Stations . | . . . . Recycling Units . | . . . . Scanalyzers . | . . . . Garrison Access . | . . . . Terminal Hacks . | . . . . Fabricator Hacks . | . . . . Repair Station Hacks . | . . . . Recycling Unit Hacks . | . . . . Scanalyzer . | . . . . Garrison Access Hacks . | . . . . Unauthorized Hacks . | . . . . Terminals . | . . . . Fabricators . | . . . . Repair Stations . | . . . . Recycling Units . | . . . . Scanalyzers . | . . . . Garrison Access . | . . . . Data Cores Recovered . | . . . . Used . | . . . . Hacking Detections . | . . . . Full Trace Events . | . . . . Feedback Events . | . . . . Feedback Blocked . | . . . . Robot Schematics Acquired . | . . . . Robots Built . | . . . . Matter . | . . . . Time . | . . . . Total Robot Build Rating . | . . . . Part Schematics Acquired . | . . . . Parts Built . | . . . . Matter . | . . . . Time . | . . . . Total Part Build Rating . | . . . . Parts Repaired . | . . . . Time . | . . . . Parts Recycled . | . . . . Recycled Matter . | . . . . Retrieved Matter . | . . . . Retrieved Components . | . . . . Parts Scanalyzed . | . . . . Part Schematics Acquired . | . . . . Parts Damaged . | . . . . Bothacking | -11 -10 -9 -8 ------------ Run | Scr Mat Mat Mat Used RIF Installer . | . . . . Robots Hacked . | . . . . Non-combat . | . . . . Combat . | . . . . Robot Hacks Applied . | . . . . Relay Couplers Released . | . . . . Robots Rewired . | . . . . Allies Hacked . | . . . . Hacks Repelled . | . . . . Allies | -11 -10 -9 -8 -------- Run | Scr Mat Mat Mat Total Allies . | . . . . Largest Group . | . . . . Highest-Rated Group . | . . . . Highest-Rated Ally . | . . . . Total Orders . | . . . . Ally Attacks . | . . . . Total Damage . | . . . . Kills . | . . . . Allies Corrupted . | . . . . Allies Melted . | . . . . Intel | -11 -10 -9 -8 ------- Run | Scr Mat Mat Mat Robot Analysis Total . | . . . . Derelict Logs Recovered . | . . . . Drone Launches . | . . . . Drone Recoveries . | . . . . Exploration | -11 -10 -9 -8 ------------- Run | Scr Mat Mat Mat Turns Passed 973 | 61 270 299 343 Spaces Moved 903 | 55 248 373 227 Core 4 | 4 . . . Treads . | . . . . Legs . | . . . . Wheels 364 | 51 248 65 . Hover . | . . . . Flight 535 | . . 308 227 Fastest Speed 34 | 50 90 34 34 Average Speed 58 | 90 90 44 38 Slowest Speed 200 | 100 90 200 117 Overloaded Moves . | . . . . Propulsion Burnouts . | . . . . Robots Hopped 1 | . . . 1 Cave-ins Triggered . | . . . . Exploration Rate (%) 21 | 4 35 29 17 Regions Visited 3 Branch Regions . Pre-discovered Areas . | . . . . Known Exits Taken . | . . . . Unknown Exits Taken 3 | 1 1 1 . Scrap Searched . | . . . . Spaces Dug . | . . . . Terrain Destroyed . | . . . . Melee . | . . . . Projectile . | . . . . AOE . | . . . . Actions | -11 -10 -9 -8 --------- Run | Scr Mat Mat Mat Total 1286 | 62 284 474 466 Wait 314 | . 25 77 212 Move 898 | 54 247 372 225 Hop 1 | . . . 1 Pick Up 6 | 2 3 . 1 Fast Attach 18 | 6 2 4 6 Attach 3 | . . . 3 Detach 3 | . 1 . 2 Swap . | . . . . Drop 8 | . . 2 6 Fire 35 | . 6 19 10 Melee . | . . . . Ram . | . . . . Kick . | . . . . Crush . | . . . . Escape Stasis . | . . . . Rewire . | . . . . Trap . | . . . . Miscellaneous . | . . . . Route ------- -11/Scrapyard -10/Materials -9/Materials (discovered 2 exits: [*Mat] / [*Min]) -8/Materials History --------- Turn | Location | Event 12 | -11/Scrapyard | Discovered new exit (range 16) 62 | -11/Scrapyard | Entered Materials 294 | -10/Materials | Discovered new exit (range 16) 300 | -10/Materials | Build established: Mutant 332 | -10/Materials | Entered another Materials area 332 | -9/Materials | Evolved 2 slots: Propulsion x1, Utility x1 417 | -9/Materials | Discovered new exit (range 16) 629 | -9/Materials | Discovered new exit (range 4) 631 | -9/Materials | Entered another Materials area 631 | -8/Materials | Evolved 2 slots: Power x1, Propulsion x1 974 | -8/Materials | Self-destructed Last Messages --------------- 00702_ ALERT: Hostiles spotted, dispatching reinforcements to Terminal M006. 00704_ K-01 Serf collects debris. 00739_ VTOL Module destroyed. 00742_ Processing Tank disabled. 00747_ Y-45 Defender destroyed. 00750_ Dropped Ion Engine. 00750_ Acquired Prototype Engine. 00750_ Identified Hvy. Ion Engine. 00750_ Malfunction: Heat surge (+260). 00752_ Dropped Faulty Hvy. Ion Engine. 00753_ Acquired Ion Engine. 00756_ Acquired 50 matter. 00814_ R-06 Scavenger collects Lgt. Armor Plating. 00818_ R-06 Scavenger collects Hvy. Assault Rifle. 00822_ R-06 Scavenger collects Faulty Hvy. Ion Engine. 00899_ K-01 Serf collects debris. 00968_ VTOL Module destroyed. 00971_ Slug penetrates Wall. 00974_ Lgt. Ion Engine destroyed. Map ----- +----------------------------------------------------+ | | | | | | | | | | | | | | | | | | | | | | | | | ?????????????????????????????????????????????????? | | ?????????????????????????????????????????????????? | | ???????????????##########????????????????????????? | | ???????????????# ##########???????????????? | | ???????????????# # #??????????????? | | ??????########?# # """ """ #??????????????? | | ??????# = #?# # """ """ #??????????????? | | ??????#""" #?# # """ """ #??????????????? | | ??????#""" ] #?# ?# """ """ #??????????????? | | ??????#""" #?# ?# "" "" #??????????????? | | ??????# ! #?? ??# #???????######## | | ??????# #???? ??# ! #???????#!! | | ??????####+#########+####/#########???????#!! | | ???????# a @ #?????????????#[[ | | ???????# h #?????????????#[[ | | ???????###+#########+##### #?????????????#!! | | ???????# !#?# # #?????????????#!! | | ???????# #?# """ # ################### | | ???????# /! #?# ?""" !# ? ??? | | ???????# /! #?# """ # | | ???????# / #?# ##################### | | ???????# #?#"" """ #???????????????????# | | ???????########?#"T """ #???????????????????# | | ????????????????#"" """ #???????????????????##### | | ????????????????# #???????????????????????? | | ????????????????##########???????????????????????? | | ?????????????????????????????????????????????????? | | ?????????????????????????????????????????????????? | | ?????????????????????????????????????????????????? | | ?????????????????????????????????????????????????? | | ?????????????????????????????????????????????????? | | ?????????????????????????????????????????????????? | | ?????????????????????????????????????????????????? | | ?????????????????????????????????????????????????? | | ?????????????????????????????????????????????????? | | ?????????????????????????????????????????????????? | | ?????????????????????????????????????????????????? | | ?????????????????????????????????????????????????? | +----------------------------------------------------+ Best States ------------- Heat Dissipation 31 Energy Generation 15 Energy Capacity 275 Matter Stores 300 Matter Capacity 300 Sight Range 16 Robot Scan Range 13 Terrain Scan Density 10 Evasion (%) 63 Targeting Accuracy 5 Item Schematics ----------------- None Robot Schematics ------------------ None Fabricated ------------ Nothing Alien Tech Used ----------------- None Achievements -------------- None Challenges ------------ None Game ------ Seed RocketMassScreen Manual? 0 Play Time 00:16:08 Cumulative 37.0 hours Start 2020.04.03 @ 17:04:09 End 2020.04.03 @ 17:20:08 Sessions 1 Manual Loads 0 Difficulty Rogue Special Mode None Game No. 47 Rogue 47 Adventurer 0 Explorer 0 Win Type - Total 0 Types 0/0/0/0/0/0/0 Lore% 26 Gallery% 38 Achievement% 33 Wizard Run 0 Options --------- ASCII 0 Keyboard 1 Movement Arrows Keybinds 0 Fullscreen 1 Font 24/Smallcaps Map View 64x52 Tactical HUD 1 Map Filters NONE Filters NONE Steam 1 RUN: 1ba971a2-e7ac-4d4d-9cb9-9b47d1e24321